 Dungeon Crawl Stone Soup version 0.20.1-1-g8b1a95d (webtiles) character file.

157 vishdafish the Sneak (level 5, -6/25 HPs)
             Began as a Spriggan Assassin on July 11, 2017.
             Mangled by a gnoll
             ... wielding a +0 spear
              (8 damage)
             ... on level 3 of the Dungeon.
             The game lasted 00:04:33 (3097 turns).

vishdafish the Sneak (Spriggan Assassin)            Turns: 3097, Time: 00:04:34

Health: -6/25      AC:  3    Str:  7    XL:     5   Next: 15%
Magic:  6/6        EV: 19    Int: 12    God:
Gold:   103        SH:  0    Dex: 19    Spells: 4/4 levels left

rFire    . . .     SeeInvis +   a - +2 dagger
rCold    . . .     Gourm    .   (shield restricted)
rNeg     . . .     Faith    .   c - +0 robe
rPois    .         Spirit   .   (helmet restricted)
rElec    .         Reflect  .   d - +0 cloak
rCorr    .         Harm     .   (gloves unavailable)
MR       .....                  (boots unavailable)
Stlth    ++++......             i - amulet of rage
Regen    0.1/turn               (no ring)
MPRegen  0.1/turn               (no ring)

@: very quick
A: unfitting armour, see invisible, herbivore 3, speed 3, slow metabolism 2
a: Evoke Berserk Rage


You were on level 3 of the Dungeon.
You were not hungry.

You visited 1 branch of the dungeon, and saw 3 of its levels.

You collected 103 gold pieces.

Inventory:

Hand Weapons
 a - a +2 dagger (weapon)
 b - a +0 blowgun
Armour
 c - a +0 robe (worn)
 d - a +0 cloak (worn)
Jewellery
 i - an amulet of rage (around neck)
Scrolls
 j - 2 scrolls of fear {unknown}
 k - 3 scrolls of recharging {unknown}
 m - 2 scrolls of identify {unknown}
 n - a scroll of enchant weapon {unknown}
 o - 2 scrolls of teleportation {unknown}
Potions
 h - 2 potions of curing {unknown}
 l - 2 potions of heal wounds
 p - a potion of agility
Comestibles
 g - 3 bread rations
 q - 4 fruits


   Skills:
 - Level 1.5 Fighting
 * Level 4.3 Short Blades
 - Level 2.0 Throwing
 + Level 3.1 Dodging
 * Level 7.6 Stealth


You had 4 spell levels left.
You didn't know any spells.

Dungeon Overview and Level Annotations

Branches:
Dungeon (3/15)

Altars:
Makhleb
Okawaru
Qazlal
Xom

Annotations:
D:3 appiemonkey's ghost, amateur MfIE


Innate Abilities, Weirdness & Mutations

You are very small and have problems with some larger weapons.
You are too small for most types of armour.
You have supernaturally acute eyesight. (SInv)
You are a herbivore.
You cover ground extremely quickly.
You need consume almost no food.


Message History

You hit the gnoll.
The gnoll is almost dead.
The gnoll misses you.
You hit the gnoll.
The gnoll is almost dead.
The gnoll completely misses you.
You closely miss the gnoll.
The gnoll is almost dead.
The gnoll completely misses you.
The gnoll hits you from afar with a spear.
You hit the gnoll.
You kill the gnoll!
The gnoll hits you from afar with a spear!
* * * LOW HITPOINT WARNING * * *
Things that are here:
a halberd; a gnoll corpse You hit the gnoll.
The gnoll is lightly wounded.
The gnoll hits you with a spear!
You die...

...#.# #.# ....†# #.#
#.# .....# ### #.# #.#
..#..# ...###.## #.#
.##.... .....> #.# .
....... .>..# #.#
.........# #..# #.#
#######.###.#####?.##
#.#
....(..g@.†..#########.#
###.#####..#..........#
#.#.########### .......
#########


You could see a gnoll.

Vanquished Creatures
  A hound (D:3)
  2 gnolls (D:3)
  3 adders
  2 oozes
  A worm (D:2)
  3 dart slugs
  2 leopard geckos
  6 bats
  4 giant cockroaches
  5 goblins
  7 hobgoblins
  3 jackals (D:1)
  A ball python (D:3)
  2 frilled lizards
  11 kobolds
  8 rats
61 creatures vanquished.

Notes
Turn   | Place    | Note
-------+----------+-------------------------------------------
     0 | D:1      | vishdafish the Spriggan Assassin began the quest for the Orb.
     0 | D:1      | Reached XP level 1. HP: 10/10 MP: 2/2
    69 | D:1      | Reached skill level 6 in Stealth
    93 | D:1      | Reached XP level 2. HP: 14/14 MP: 3/3
  1009 | D:1      | Reached XP level 3. HP: 18/18 MP: 4/4
  1382 | D:2      | Reached skill level 7 in Stealth
  1578 | D:2      | Found a shimmering altar of Xom.
  1580 | D:2      | Found a burning altar of Makhleb.
  1580 | D:2      | Found a bloodstained altar of Trog.
  1582 | D:2      | Found a burning altar of Makhleb.
  1582 | D:2      | Found an iron altar of Okawaru.
  1582 | D:2      | Found a stormy altar of Qazlal.
  1617 | D:2      | Reached XP level 4. HP: 22/22 MP: 5/5
  2292 | D:3      | Noticed appiemonkey's ghost (amateur MfIE)
  3074 | D:3      | Reached XP level 5. HP: 25/25 MP: 6/6
  3097 | D:3      | Mangled by a gnoll

Skill      XL: |  1  2  3  4 |
---------------+-------------+-----
Stealth        | 6 7 |  7.6
Dodging        | 2 3 |  3.1
Short Blades   | 3 4 |  4.3
Fighting       | |  1.5
Throwing       | |  2.0

Action                   |  1- 3 |  4- 6 || total
-------------------------+-------+-------++-------
Melee: Dagger            |   109 |   114 ||   223
 Fire: Blowgun           |       |    11 ||    11
  Use: Potion            |       |     1 ||     1
 Stab: Sleeping          |    14 |     7 ||    21
       Distracted        |       |     1 ||     1
Armor: Robe              |     9 |    14 ||    23
Dodge: Dodged            |    76 |    63 ||   139
